 Dungeon Crawl Stone Soup version 0.28-b1-25-g9875b3fc8c (webtiles) character file.

Game seed: 7789236653373181566

3041 DispositionalMagic the Chiller (level 9, 0/43 (47) HPs)
             Began as a Vine Stalker Ice Elementalist on Feb 7, 2022.
             Was an Initiate of Yredelemnul.
             Slain by Joseph (6 damage)
             ... on level 7 of the Dungeon.
             The game lasted 00:22:56 (8483 turns).

DispositionalMagic the Chiller (VSIE)               Turns: 8483, Time: 00:22:57

HP:   0/43 (47)     AC: 10    Str: 18    XL:     9   Next: 86%
MP:   0/17          EV: 13    Int: 19    God:    Yredelemnul [......]
Gold: 522           SH:  0    Dex: 14    Spells: 10/17 levels left

rFire   + . .      SeeInvis .   b - +2 scimitar (drain)
rCold   . . .      Faith    .   (no shield)
rNeg    . . .      Spirit   +   m - +0 leather armour
rPois   .          Reflect  .   h - +0 helmet
rElec   .          Harm     .   y - +0 cloak
rCorr   .          Rampage  .   (no gloves)
Will    +....                   (no boots)
Stlth   ++........              (no amulet)
HPRegen 0.94/turn               n - ring of protection from fire
MPRegen 0.15/turn               s - +6 ring of strength

@: ice-armoured, drained
A: fangs 3, regeneration 1, magic shield, antimagic bite, no potion heal 2
a: Renounce Religion, Recall Undead Harvest


You were on level 7 of the Dungeon.
You worshipped Yredelemnul.
Yredelemnul was noncommittal.
You visited 1 branch of the dungeon, and saw 7 of its levels.
You also visited: Sewer and Ossuary.

You collected 735 gold pieces.
You spent 213 gold pieces at shops.

Inventory:

Hand Weapons
 a - a +1 dagger of venom
 b - a +2 scimitar of draining (weapon)
 c - a +0 dagger
 K - the +8 war axe "Ucuess" {protect, rPois rC+ Dex+2}
   (You found it on level 7 of the Dungeon)

   It grants its wielder temporary protection when it strikes (+7 to AC).
   Dex:       It affects your dexterity (+2).
   rC:        It protects you from cold.
   rPois:     It protects you from poison.
Missiles
 d - 199 stones (quivered)
 i - 51 bolts
 x - 163 arrows
 B - 4 poisoned darts
Armour
 e - a +0 chain mail
 h - a +0 helmet (worn)
 j - a +0 robe
 m - a +0 leather armour (worn)
 y - a +0 cloak (worn)
 E - the +0 robe of the Barnacle {rF+++ Dex-4 SInv Stlth+}
   (You found it on level 5 of the Dungeon)

   Dex:       It affects your dexterity (-4).
   rF:        It renders you almost immune to fire.
   SInv:      It lets you see invisible.
   Stlth:     It makes you more stealthy.
Magical Staves
 o - a staff of air
Jewellery
 n - a ring of protection from fire (left hand)
 s - a +6 ring of strength (right hand)
Wands
 q - a wand of mindburst (4)
 t - a wand of flame (21)
 Q - a wand of paralysis (9)
Scrolls
 f - 3 scrolls of magic mapping
 g - 3 scrolls of amnesia {unknown}
 k - a scroll of fear {unknown}
 r - 2 scrolls of enchant armour {unknown}
 v - 4 scrolls of teleportation {@r3 !r}
 D - 2 scrolls of blinking {unknown}
 F - 2 scrolls of fog {!r}
 G - a scroll of torment
 H - 2 scrolls of immolation
 I - a scroll of noise {unknown}
 L - a scroll of identify {@r1}
 O - a scroll of enchant weapon {unknown}
 R - a scroll of silence {unknown}
Potions
 l - a potion of degeneration {unknown}
 p - 9 potions of curing {@q1 !q}
 u - 4 potions of lignification {@q6}
 w - 2 potions of brilliance
 z - a potion of attraction {unknown}
 A - a potion of haste {@q4 !q}
 C - 2 potions of magic {unknown}
 J - a potion of resistance {unknown}
 M - a potion of might {unknown}
 N - a potion of berserk rage {unknown}
 P - 2 potions of flight {unknown}


   Skills:
 + Level 5.4 Fighting
 * Level 4.6(5.5) Short Blades
 * Level 4.6(5.5) Long Blades
 + Level 4.0 Dodging
 - Level 4.0 Stealth
 + Level 4.9 Spellcasting
 + Level 5.9 Ice Magic
 + Level 4.2 Invocations


You had 10 spell levels left.
You knew the following spells:

 Your Spells              Type           Power      Damage    Failure   Level
a - Freeze                Ice            100%       1d11      1%          1
b - Ozocubu's Armour      Ice            27%        N/A       3%          3
c - Frozen Ramparts       Ice            54%        1d7       3%          3

Your spell library contained the following spells:

 Spells                   Type           Power      Damage    Failure   Level
 Magic Dart               Conj           16%        1d3       16%         1
 Searing Ray              Conj           8%         2d4       22%         2
 Confusing Touch          Hex            4%         N/A       41%         3
 Hailstorm                Conj/Ice       16%        3d6       41%         4
 Fulminant Prism          Conj/Hex       2%         3d6       83%         4
 Yara's Violent Unravell  Hex/Tmut       2%         3d3       99%         5
 Enfeeble                 Hex            2%         N/A       100%        7


Dungeon Overview and Level Annotations

Branches:
Dungeon (7/15)             Temple (0/1) D:6           Sewer (visited)
Ossuary (visited)

Altars:
Fedhas
Wu Jian
Yredelemnul

Shops:
D:1 [   D:5 ?

Annotations:
D:7 Joseph


Innate Abilities, Weirdness & Mutations

You have razor-sharp teeth.
Your natural rate of healing is unusually fast.
When hurt, damage is shared between your health and your magic reserves.
Your bite disrupts and absorbs the magic of your enemies.
Potions cannot restore your health.


Message History

Your ogre zombie is recalled.
Your orc zombie is recalled.
You finish recalling your allies.
Joseph unwields a +1 quarterstaff of draining.
Joseph wields a +0 hunting sling.
Joseph shoots a sling bullet.
The sling bullet hits your orc zombie!
Your orc zombie is destroyed!
You swap places.
Joseph drinks a potion.
Joseph seems to speed up.
Your orc zombie barely misses the two-headed ogre.
Casting: Ozocubu's Armour (dangerous; 3% risk of failure)
Confirm with . or Enter, or press ? or * to list all spells.
A film of ice covers your body!
Joseph shoots a sling bullet.
The sling bullet hits your ogre zombie!
Your spectral white imp hits the two-headed ogre but does no damage.
Your ogre zombie barely misses the two-headed ogre.
The two-headed ogre hits your ogre zombie with a +0 giant spiked club!!
The two-headed ogre hits your ogre zombie with a +0 giant club!!
Your ogre zombie is destroyed!
Your orc zombie hits the two-headed ogre.
Joseph shoots a sling bullet.
The sling bullet hits you.
Casting: Ozocubu's Armour (dangerous; 3% risk of failure)
Confirm with . or Enter, or press ? or * to list all spells.
Casting: Frozen Ramparts (dangerous; 3% risk of failure)
Press: ? - help, Dir - look around, f - activate
Okay, then.
Your icy armour will break if you move.
Continue? [Y]es or [N]o only, please.
Your icy armour will break if you move.
Continue? [Y]es or [N]o only, please.
Your icy armour will break if you move.
Continue?
Okay, then.
Your icy armour will break if you move.
Continue?
Your icy armour cracks and falls away as you move.
Your spectral white imp closely misses the two-headed ogre.
Joseph shoots a sling bullet.
The sling bullet hits you!
Casting: Frozen Ramparts (dangerous; 3% risk of failure)
Confirm with . or Enter, or press ? or * to list all spells.
Casting: Frozen Ramparts (dangerous; 3% risk of failure)
Press: ? - help, Dir - look around, f - activate The walls around you are covered in ice.
Your orc zombie hits the two-headed ogre but does no damage.
Casting: Frozen Ramparts (dangerous; 3% risk of failure)
Confirm with . or Enter, or press ? or * to list all spells.
A film of ice covers your body!
Your spectral white imp hits the two-headed ogre but does no damage.
Joseph shoots a sling bullet.
The sling bullet hits your orc zombie!!
Your orc zombie is destroyed!
Your orc zombie hits the two-headed ogre but does no damage.
The two-headed ogre hits you but does no damage.
The two-headed ogre barely misses you.
You hit the two-headed ogre. You bite the two-headed ogre! You drain its power.
You feel invigorated.
The two-headed ogre is moderately wounded.
Your spectral white imp barely misses the two-headed ogre.
Your orc zombie barely misses the two-headed ogre.
The two-headed ogre barely misses you.
The two-headed ogre hits you with a +0 giant club!
You barely miss the two-headed ogre.
You bite the two-headed ogre, but do no damage.
The two-headed ogre is moderately wounded.
Your spectral white imp hits the two-headed ogre.
Your orc zombie hits the two-headed ogre but does no damage.
You slash the two-headed ogre! You bite the two-headed ogre.
You drain its power.
You feel invigorated.
The two-headed ogre is heavily wounded.
Joseph unwields a +0 hunting sling.
Joseph wields a +1 quarterstaff of draining.
You sense an unholy aura.
Joseph hits your spectral white imp with a +1 quarterstaff of draining!
Your spectral white imp barely misses Joseph.
The two-headed ogre misses you. The two-headed ogre closely misses you.
Joseph barely misses your spectral white imp.
You completely miss the two-headed ogre.
The two-headed ogre is heavily wounded.
Your spectral white imp hits Joseph but does no damage.
Your orc zombie hits the two-headed ogre but does no damage.
The two-headed ogre hits your orc zombie with a +0 giant spiked club!!
Your orc zombie is destroyed!
The wall freezes Joseph.
Joseph tries to grin evilly.
Joseph hits you with a +1 quarterstaff of draining!
You feel drained.
Your spectral white imp hits the two-headed ogre.
Your spectral white imp drains the two-headed ogre.
You barely miss the two-headed ogre. You bite the two-headed ogre.
You drain its power.
You feel invigorated.
The two-headed ogre is severely wounded.
The wall freezes Joseph.
Joseph hits you with a +1 quarterstaff of draining.
You feel drained. The two-headed ogre barely misses you.
The two-headed ogre closely misses you.
Your spectral white imp hits the two-headed ogre.
You hit the two-headed ogre.
The two-headed ogre is severely wounded.
The frozen ramparts melt away.
Joseph barely misses you.
The two-headed ogre hits you with a +0 giant spiked club!!
* * * LOW HITPOINT WARNING * * *
The two-headed ogre hits you but does no damage.
Joseph hits you with a +1 quarterstaff of draining!
You die...
Your body rises from the dead as a mindless zombie.

#.##......#........#..#
#.#######.########.#..#
###.# #.# #....# .<..#
##+#* #######.### #####
##!..#*#...Z.....# ###
*#.....##.#####.#.# #.##
**......$#.# ##..#.#
...####........Z.###...#.#
......+........O@........#
...####........@.###...#.#
#.## **...<...#.###..##.##
### *#.....##..[.......#
## ##>..#*#####.#.##.# .#
##+#* #.#.#*,# .# ##..#
#.#.##.# .#### ##.#.##
#......# ....####.##..##
###.#..#


You could see Joseph (fast, ally target), a two-headed ogre (drained) and a
friendly spectral white imp.

Vanquished Creatures
  Pikel (D:4)
  A steam dragon (D:7)
  Edmund (D:4)
  Pargi (D:3)
  A sky beast (D:5)
  2 necrophages
  2 ogres
  4 centaurs
  2 lemures (D:4)
  A kobold brigand (D:7)
  Blork the orc (D:4)
  A scorpion (D:4)
  A human zombie (D:7)
  2 jellies (D:6)
  A hound (D:7)
  2 orc priests (D:5)
  A centaur skeleton (D:7)
  Natasha (thrice) (D:3)
  4 orc wizards
  8 mummies (Ossuary)
  A hound zombie (D:5)
  A howler monkey zombie (D:4)
  3 gnolls (D:7)
  8 adders
  2 river rats (D:3)
  A shadow imp (D:5)
  A white imp (D:7)
  2 dart slugs (D:1)
  30 orcs
  6 ball pythons
  9 bats
  5 endoplasms
  7 giant cockroaches
  2 gnoll zombies (Ossuary)
  4 goblins
  5 hobgoblins
  7 jackals
  5 quokkas
  16 frilled lizards
  A hobgoblin zombie (Ossuary)
  11 kobolds
  2 kobold zombies (Ossuary)
  3 orc zombies (Ossuary)
  4 rats
176 creatures vanquished.

Vanquished Creatures (collateral kills)
  Sigmund (D:2)
  A sky beast (D:6)
  2 bullfrogs (Sewer)
  2 jellies
  An orc wizard (D:3)
  A river rat (D:3)
  An orc (D:6)
  2 giant cockroaches (Sewer)
  A goblin (D:4)
  A hobgoblin (D:4)
  2 quokkas (Sewer)
  3 ball pythons
  5 frilled lizards (Sewer)
  A rat (D:3)
24 creatures vanquished.

Vanquished Creatures (others)
  A centaur zombie (D:7)
  An orc wizard (D:5)
  A necrophage zombie (D:7)
  An ogre zombie (D:7)
  A troll zombie (D:3)
  A spectral jelly (D:4)
  2 adder zombies
  2 felid zombies (D:3)
  2 bat zombies
  A ball python zombie (D:3)
  3 frilled lizard zombies (Sewer)
  A hobgoblin zombie (D:2)
  A jackal zombie (D:4)
  9 orc zombies
  15 plants (D:3)
42 creatures vanquished.

Grand Total: 242 creatures vanquished

Notes
Turn   | Place    | Note
-------+----------+-------------------------------------------
     0 | D:1      | DispositionalMagic the Vine Stalker Ice Elementalist began
                  | the quest for the Orb.
     0 | D:1      | Reached XP level 1. HP: 9/9 MP: 4/4
    31 | D:1      | Found Tuphezav's Antique Armour Shop.
   107 | D:1      | Reached skill level 1 in Fighting
   317 | D:1      | Reached XP level 2. HP: 14/14 MP: 4/6
   671 | D:1      | Reached XP level 3. HP: 18/18 MP: 5/7
   825 | D:1      | Found a faded altar of an unknown god.
   908 | D:1      | Prayed at the altar of an unknown god.
   908 | D:1      | Became a worshipper of Yredelemnul the Dark
   908 | D:1      | Reached * piety under Yredelemnul
  1301 | D:2      | Found a blossoming altar of Fedhas.
  1497 | D:2      | Noticed Sigmund
  1517 | D:2      | Killed Sigmund
  1518 | D:2      | Gained mutation: Your natural rate of healing is unusually
                  | fast. [Vine Stalker growth]
  1518 | D:2      | Reached XP level 4. HP: 10/26 MP: 0/8
  1518 | D:2      | Reached XP level 5. HP: 11/30 MP: 0/9
  2008 | D:3      | Reached skill level 5 in Fighting
  2015 | D:3      | Reached XP level 6. HP: 25/35 MP: 1/10
  2076 | D:3      | Learned a level 3 spell: Frozen Ramparts
  2080 | D:3      | Learned a level 3 spell: Ozocubu's Armour
  2368 | D:3      | Noticed Natasha
  2374 | D:3      | Killed Natasha
  2411 | D:3      | Found a glowing drain.
  2416 | Sewer    | Entered a sewer
  2593 | Sewer    | Reached ** piety under Yredelemnul
  2666 | Sewer    | Reached *** piety under Yredelemnul
  2666 | Sewer    | Reached skill level 1 in Invocations
  2666 | Sewer    | Reached XP level 7. HP: 21/39 MP: 0/12
  2782 | D:3      | Noticed Natasha
  2789 | D:3      | Killed Natasha
  2799 | D:3      | Noticed Pargi
  2811 | D:3      | Killed Pargi
  3002 | D:3      | Noticed Natasha
  3024 | D:3      | Your ally Natasha died
  3031 | D:3      | Killed Natasha
  3468 | D:3      | Your ally Pargi died
  3470 | D:3      | Your ally Natasha died
  3861 | D:4      | Noticed Pikel
  3894 | D:4      | Killed Pikel
  3895 | D:4      | Reached skill level 5 in Ice Magic
  3895 | D:4      | Gained mutation: You have razor-sharp teeth. [Vine Stalker
                  | growth]
  3895 | D:4      | Reached XP level 8. HP: 25/43 MP: 0/14
  4006 | D:4      | Noticed Edmund
  4018 | D:4      | Killed Edmund
  4714 | D:4      | Noticed Blork the orc
  4729 | D:4      | Killed Blork the orc
  5119 | D:5      | Entered Level 5 of the Dungeon
  5323 | D:5      | Identified the +0 robe of the Barnacle {rF+++ Dex-4 SInv
                  | Stlth+}
  5422 | D:5      | Reached XP level 9. HP: 37/47 MP: 9/16
  5554 | D:5      | Found an ornate altar of the Wu Jian Council.
  5668 | D:5      | Found Galaargh's Magic Scroll Emporium.
  5763 | D:5      | Bought a scroll of fog for 22 gold pieces
  5763 | D:5      | Bought a scroll of teleportation for 33 gold pieces
  5763 | D:5      | Bought a scroll of magic mapping for 38 gold pieces
  5763 | D:5      | Bought a scroll of torment for 82 gold pieces
  5763 | D:5      | Bought a scroll of immolation for 38 gold pieces
  6131 | D:6      | Found a staircase to the Ecumenical Temple.
  7160 | D:7      | Noticed Joseph
  7222 | D:7      | Identified the +8 war axe "Ucuess" {protect, rPois rC+
                  | Dex+2}
  7333 | D:7      | Found a sand-covered staircase.
  7343 | Ossuary  | Entered an ossuary
  8470 | D:7      | Noticed a two-headed ogre
  8483 | D:7      | Slain by Joseph

Illustrated notes

Levels and vault maps discovered:
D:1:      dpeg_arrival_tiny_j, layout_loops_cross, serial_shops,
          nicolae_shop_advertising_works [nicolae_subvault_shop_adworks],
          hellmonk_ecumenical_altar_inner_sanctum
D:2:      layout_basic, basic_altar, uniq_sigmund
D:3:      layout_basic, serial_bayou, serial_bayou_shore_b,
          serial_bayou_shore_b, serial_bayou_lagoon_b, serial_bayou_crossing,
          portal_sewer_entry_e, uniq_pargi, uniq_natasha
D:4:      layout_layer_cave, uniq_pikel, uniq_edmund, uniq_blork_the_orc
D:5:      layout_rooms, mainiacjoe_overflow_paths, serial_shops, shop,
          grunt_decor_clamped, minmay_misc_feat_rugged
D:6:      layout_layer_cave, minmay_temple_entry_drinking_statues
D:7:      layout_loops_corners, enter_ossuary_3, uniq_joseph

Skill      XL: |  1  2  3  4  5  6  7  8  9 |
---------------+----------------------------+-----
Fighting       | 1 2 4 5 |  5.4
Stealth        | 4 |  4.0
Dodging        | 2 3 4 |  4.0
Invocations    | 1 2 3 4 |  4.2
Spellcasting   | 3 4 |  4.9
Short Blades   | 2 3 4 |  4.6
Long Blades    | 2 3 4 |  4.6
Ice Magic      | 5 |  5.9

Action                   |  1- 3 |  4- 6 |  7- 9 || total
-------------------------+-------+-------+-------++-------
Melee: Dagger            |    32 |    39 |    58 ||   129
       Bite              |    10 |     7 |    59 ||    76
       Unarmed           |     1 |       |       ||     1
       Punch             |     1 |     1 |       ||     2
       Scimitar          |       |       |   120 ||   120
Throw: Stone             |       |     1 |    37 ||    38
       Dart              |       |       |     2 ||     2
 Cast: Freeze            |    42 |    62 |    62 ||   166
       Frozen Ramparts   |       |     1 |    13 ||    14
       Ozocubu's Armour  |       |       |    11 ||    11
Invok: Recall Undead Har |       |       |     2 ||     2
  Use: Scroll            |       |       |     4 ||     4
 Stab: Sleeping          |     6 |       |     7 ||    13
       Distracted        |       |       |     2 ||     2
Armor: Robe              |    10 |    13 |     8 ||    31
       Leather armour    |       |       |    58 ||    58
Dodge: Dodged            |    39 |    69 |   162 ||   270
